 Dungeon Crawl Stone Soup version 0.21.1-1-g345015fe64 (webtiles) character file.

296 Jannitor the Skirmisher (level 6, 0/48 HPs)
             Began as a Demonspawn Chaos Knight on June 12, 2018.
             Slain by an orc priest
             ... wielding a +0 trident
              (10 damage)
             ... while paralysed
             ... on level 3 of the Dungeon.
             The game lasted 00:06:09 (3356 turns).

Jannitor the Skirmisher (Demonspawn Chaos Knight)   Turns: 3356, Time: 00:06:10

Health: 0/48       AC: 11    Str: 16    XL:     6   Next: 12%
Magic:  6/6        EV:  2    Int: 15    God:    Xom [...*..]
Gold:   164        SH:  0    Dex: 12    Spells: 3/6 levels left

rFire    . . .     SeeInvis .   a - +0 short sword (chaos)
rCold    + + .     Gourm    .   (no shield)
rNeg     . . .     Faith    .   p - +2 robe {MR+}
rPois    .         Spirit   .   (helmet restricted)
rElec    .         Reflect  +   i - +0 cloak
rCorr    .         Harm     .   s - +2 pair of gloves {Str+3}
MR       +....                  u - +0 pair of boots
Stlth    +++.......             e - +2 amulet of reflection
HPRegen  0.16/turn              j - ring of protection from cold
MPRegen  0.10/turn              (no ring)

@: paralysed, berserk cooldown, slowed, drained
A: horns 1, icy blue scales 1, cold resistance 1, nightstalker 1
a: Renounce Religion


You were on level 3 of the Dungeon.
You worshipped Xom.
You were a favourite toy of Xom.
You were not hungry.

You visited 1 branch of the dungeon, and saw 3 of its levels.

You collected 164 gold pieces.

Inventory:

Hand Weapons
 a - a +0 short sword of chaos (weapon)
 d - a +0 short sword of speed
Armour
 b - a +2 leather armour
 i - a +0 cloak (worn)
 m - a +0 helmet
 p - a +2 robe of magic resistance (worn)
 s - a +2 pair of gloves of strength (worn)
 u - a +0 pair of boots (worn)
Jewellery
 e - a +2 amulet of reflection (around neck)
 j - a ring of protection from cold (left hand)
Scrolls
 g - a scroll of amnesia
 l - a scroll of enchant armour
 n - a scroll of remove curse {unknown}
 o - a scroll of fog
 x - a scroll of identify
 y - a scroll of teleportation {unknown}
Potions
 f - a potion of brilliance {unknown}
 q - a potion of resistance
 w - a potion of magic {unknown}
Books
 h - a book of Air

   Spells                             Type                      Level
   a - Shock                          Conjuration/Air              1
   b - Swiftness                      Charms/Air                   2
   c - Static Discharge               Conjuration/Air              3
   d - Airstrike                      Air                          4
   e - Lightning Bolt                 Conjuration/Air              5
 v - a book of Minor Magic

   Spells                             Type                      Level
   a - Magic Dart                     Conjuration                  1
   b - Blink                          Translocation                2
   c - Call Imp                       Summoning                    2
   d - Slow                           Hexes                        2
   e - Conjure Flame                  Conjuration/Fire             3
   f - Mephitic Cloud                 Conjuration/Poison/Air       3
Comestibles
 c - 3 rations
 k - 3 chunks of flesh


   Skills:
 + Level 3.9(3.0) Fighting
 + Level 3.4(2.5) Short Blades
 - Level 1.7(0.9) Armour
 + Level 2.2(1.3) Dodging
 * Level 3.1(2.3) Stealth
 + Level 0.6(0.0) Spellcasting
 + Level 0.8(0.0) Summonings
 + Level 1.7(0.8) Air Magic


You had 3 spell levels left.
You knew the following spells:

 Your Spells              Type           Power        Failure   Level  Hunger
a - Shock                 Conj/Air       #...         22%         1    ##.....
b - Call Imp              Summ           #.......     38%         2    ###....


Dungeon Overview and Level Annotations

Branches:
Dungeon (3/15)

Altars:
Cheibriados
Ru
Xom


Innate Abilities, Weirdness & Mutations

You have a pair of small horns on your head.
You are partially covered in icy blue scales. (AC +2)
Your flesh is cold resistant. (rC+)
You are slightly more attuned to the shadows.


Message History

The orc priest hits you from afar with a trident of pain.
You writhe in agony.
* * * LOW HITPOINT WARNING * * *
The orc priest barely misses you. The orc hits you but does no damage.
You feel drained. The orc hits you but does no damage.
The orc priest begins to cast a cantrip, but forgets the words!
The orc priest hits you with a trident.
* * * LOW HITPOINT WARNING * * *
The orc hits you but does no damage.
You feel drained.
The orc priest hits you but does no damage.
You writhe in agony.
* * * LOW HITPOINT WARNING * * *
The orc priest barely misses you. The orc hits you with a hand axe.
* * * LOW HITPOINT WARNING * * *
The orc hits you but does no damage.
You feel drained.
The orc priest hits you but does no damage.
The orc priest hits you with a trident!
You die...
Xom chuckles heartily!

.≈)_.≈...#..[.....#
.≈..)≈..#........####
..≈≈).)#............#####
#######.................#
.................[##...##
.............§§......###
.............§.§r§####
##.#####.....§§oo######
##.##.........oo@).§§§#
##.##.###.....o########
##.##.###.##..##
##.##.##....oo##
##.#..#....#..oo
.......(..†#.##..
#.........)...o...
#........)##.###..
#.......#.# .#


You could see 2 orc priests, 3 orcs and a rat.

Vanquished Creatures
  An orc priest (D:3)
  A worker ant (D:3)
  7 gnolls
  9 adders
  2 oozes (D:3)
  A dart slug (D:2)
  12 orcs (D:3)
  A ball python (D:3)
  2 giant cockroaches (D:2)
  4 goblins
  6 hobgoblins
  6 kobolds
  4 quokkas
  11 bats
  5 frilled lizards
  6 rats
78 creatures vanquished.

Vanquished Creatures (others)
  A leopard gecko (D:1)
  2 orcs (D:3)
3 creatures vanquished.

Grand Total: 81 creatures vanquished

Notes
Turn   | Place    | Note
-------+----------+-------------------------------------------
     0 | D:1      | Jannitor the Demonspawn Chaos Knight began the quest for the Orb.
     0 | D:1      | Reached XP level 1. HP: 18/18 MP: 1/1
    23 | D:1      | XOM: butterfly on damage
    24 | D:1      | Reached skill level 1 in Dodging
    24 | D:1      | Reached skill level 1 in Stealth
    24 | D:1      | Gained mutation: You are slightly more attuned to the shadows. [demonic ancestry]
    24 | D:1      | Reached XP level 2. HP: 3/24 MP: 2/2
   106 | D:1      | XOM: harmless Conj miscast
   421 | D:1      | XOM: god gift: papyrus book {god gift}
   452 | D:1      | XOM: destruction
   462 | D:1      | Learned a level 1 spell: Shock
   565 | D:1      | XOM: divination: detect creatures
   908 | D:2      | XOM: confuse monster(s)
   917 | D:2      | Reached XP level 3. HP: 26/29 MP: 3/3
   966 | D:2      | XOM: god gift: embroidered robe {god gift}
  1444 | D:2      | XOM: cast spell 'Leda's Liquefaction'
  1624 | D:2      | XOM: god gift: pair of embroidered gloves {god gift}
  1744 | D:2      | Gained mutation: You have a pair of small horns on your head. [demonic ancestry]
  1744 | D:2      | Reached XP level 4. HP: 34/35 MP: 4/4
  1790 | D:2      | Found a snail-covered altar of Cheibriados.
  1824 | D:2      | Found a faded altar of an unknown god.
  1824 | D:2      | XOM: 8-stop teleportation journey
  1856 | D:2      | Reached skill level 1 in Air Magic
  2000 | D:2      | XOM: scenery: create altars
  2088 | D:2      | XOM: divination: magic mapping
  2515 | D:2      | Gained mutation: Your flesh is cold resistant. (rC+) [demonic ancestry]
  2515 | D:2      | Reached XP level 5. HP: 39/42 MP: 5/5
  2551 | D:3      | Found a sacrificial altar of Ru.
  2615 | D:3      | Learned a level 2 spell: Call Imp
  3116 | D:3      | XOM: cast spell 'Cause Fear'
  3132 | D:3      | Gained mutation: You are partially covered in icy blue scales. (AC +2) [demonic ancestry]
  3132 | D:3      | Reached XP level 6. HP: 48/48 MP: 6/6
  3356 | D:3      | Slain by an orc priest

Skill      XL: |  1  2  3  4  5 |
---------------+----------------+-----
Dodging        | 1 2 |  2.2
Stealth        | 1 2 3 |  3.1
Short Blades   | 3 |  3.4
Air Magic      | 1 |  1.7
Fighting       | |  3.9
Armour         | |  1.7
Spellcasting   | |  0.6
Summonings     | |  0.8

Action                   |  1- 3 |  4- 6 || total
-------------------------+-------+-------++-------
Melee: Short sword       |    74 |   174 ||   248
       Headbutt          |       |    22 ||    22
  Use: Scroll            |       |     6 ||     6
       Potion            |       |     3 ||     3
 Stab: Sleeping          |     4 |     4 ||     8
       Invisible         |       |     2 ||     2
       Distracted        |       |     1 ||     1
  Eat: Chunk             |     3 |     5 ||     8
Armor: Leather armour    |    21 |       ||    21
       Robe              |     5 |    80 ||    85
Dodge: Dodged            |    39 |   124 ||   163
Block: Other             |       |    14 ||    14
